 Dungeon Crawl Stone Soup version 0.29-a0-319-gad05b8d819 (webtiles) character file.

Game seed: 12415216836326577016

76 Morbidden the Conjurer (level 3, -2/27 HPs)
             Began as a Demigod Conjurer on Apr 2, 2022.
             Slain by a gnoll
             ... wielding a +0 halberd
              (10 damage)
             ... on level 2 of the Dungeon.
             The game lasted 00:01:34 (1300 turns).

Morbidden the Conjurer (Demigod Conjurer)           Turns: 1300, Time: 00:01:35

Health: -2/27      AC:  2    Str:  8    XL:     3   Next: 89%
Magic:  5/8        EV: 12    Int: 30    God:
Gold:   85         SH:  0    Dex: 12    Spells: 3/6 levels left

rFire   . . .      SeeInvis .   (no weapon)
rCold   . . .      Faith    .   (no shield)
rNeg    . . .      Spirit   .   a - +0 robe
rPois   .          Reflect  .   (no helmet)
rElec   .          Harm     .   (no cloak)
rCorr   .          Rampage  .   (no gloves)
Will    +....                   (no boots)
Stlth   ++........              (no amulet)
HPRegen 0.09/turn               e - +6 ring of intelligence
MPRegen 0.11/turn               o - ring of willpower

@: no status effects
A: high MP 1, forlorn, divine attributes
a: no special abilities


You were on level 2 of the Dungeon.
You visited 1 branch of the dungeon, and saw 2 of its levels.

You collected 85 gold pieces.

Inventory:

Armour
 a - a +0 robe (worn)
Jewellery
 e - a +6 ring of intelligence (left hand)
 o - a ring of willpower (right hand)
Wands
 n - a wand of iceblast (9)
Scrolls
 c - a scroll of fog {unknown}
 d - 2 scrolls of teleportation {unknown}
 g - a scroll of summoning {unknown}
 h - a scroll of amnesia {unknown}
 i - a scroll of identify {unknown}
 l - a scroll of silence {unknown}
Potions
 b - 2 potions of magic
 f - a potion of curing {unknown}
 j - a potion of brilliance {unknown}
 k - a potion of haste {unknown}
 m - 2 potions of lignification {unknown}
 p - a potion of flight {unknown}


   Skills:
 * Level 0.7 Fighting
 * Level 2.0 Dodging
 + Level 1.9 Stealth
 * Level 2.1 Spellcasting
 * Level 4.7 Conjurations


You had 3 spell levels left.
You knew the following spells:

 Your Spells              Type           Power      Damage    Failure   Level
a - Magic Dart            Conj           100%       1d8       1%          1
b - Searing Ray           Conj           62%        2d6       1%          2

Your spell library contained the following spells:

 Spells                   Type           Power      Damage    Failure   Level
 Dazzling Flash           Conj/Hex       34%        N/A       9%          3
 Fulminant Prism          Conj/Hex       8%         3d7       30%         4
 Iskenderun's Mystic Bla  Conj/Tloc      17%        2d5       30%         4


Dungeon Overview and Level Annotations

Branches:
Dungeon (2/15)


Innate Abilities, Weirdness & Mutations

You have an increased reservoir of magic. (+10% MP)
You shall have no god before yourself.
Your divine heritage dramatically boosts your attributes as you level up.


Message History

A gnoll is nearby! 2 gnolls come into view.
A gnoll is wielding a +1 whip of electrocution.
Found 10 gold pieces.
The gnoll shouts!
Casting: Magic Dart (safe; 1% risk of failure)
Confirm with . or Enter, or press ? or * to list all spells.
Aiming: Magic Dart (safe; 1% risk of failure)
Press: ? - help, Shift-Dir - straight line, f - gnoll
Aim: a gnoll, wielding a +0 spear (100% to hit)
The magic dart hits the gnoll!
The gnoll is heavily wounded.
The gnoll shouts!
The gnoll hits you from afar with a +0 spear!
Unknown command.
There is a stone staircase leading down here.
Items here: )) ††.
Things that are here:
a +0 club; a gnoll skeleton
Things that are here:
a +0 robe; a +0 dagger; a ball python skeleton
Casting: Magic Dart (safe; 1% risk of failure)
Confirm with . or Enter, or press ? or * to list all spells.
Aiming: Searing Ray (safe; 1% risk of failure)
Press: ? - help, Shift-Dir - straight line, p - gnoll The searing ray hits the gnoll.
The gnoll is heavily wounded.
The searing ray hits the gnoll!
You kill the gnoll! (Press . to maintain the ray.)
The gnoll hits you from afar with a +0 halberd!
* * * LOW HITPOINT WARNING * * *
Unknown command.
Unknown command.
The searing ray hits the gnoll.
The gnoll is almost dead.
The searing ray hits the gnoll!
The gnoll is severely wounded.
The gnoll hits you from afar with a +0 halberd!
You die...

#. .. #.....###### #.
#.###†....# #.
#..##.....#
#.###.##.....#
####.......#g##.#
.......#...#)##.# ##
##.......#g##.# .#
#.#.#..)#.##.# .#.#
#.#.#.#.#@##.# .#.#
#.#.#.#....#.# .#.#
#.#.#.#..#.#.# .#.#
#.#.#.#....#.#####
.#.#.###.#.#.#.#..#......
.#.#.......#.#.#...####
.#.#####.### #........#
.........#...####...###
...#######.....(.<..#


You could see 2 gnolls.

Vanquished Creatures
  5 gnolls (D:2)
  An adder (D:2)
  A worm (D:2)
  3 ball pythons
  An endoplasm (D:2)
  2 goblins (D:1)
  3 kobolds (D:2)
  A bat (D:1)
  A frilled lizard (D:1)
  A rat (D:1)
19 creatures vanquished.

Notes
Turn   | Place    | Note
-------+----------+-------------------------------------------
     0 | D:1      | Morbidden the Demigod Conjurer began the quest for the Orb.
     0 | D:1      | Reached XP level 1. HP: 14/14 MP: 5/5
   839 | D:2      | Reached skill level 4 in Conjurations
   839 | D:2      | Reached XP level 2. HP: 20/20 MP: 1/7
   959 | D:2      | Learned a level 2 spell: Searing Ray
  1037 | D:2      | Reached XP level 3. HP: 27/27 MP: 6/8
  1300 | D:2      | Slain by a gnoll

Illustrated notes

Levels and vault maps discovered:
D:1:      minmay_arrival_doors, layout_loops_ring,
          hellmonk_ecumenical_altar_heavens_door, minmay_misc_feat_hallway
D:2:      layout_basic

Skill      XL: |  1  2  3 |
---------------+----------+-----
Conjurations   | 4 |  4.7
Spellcasting   | 2 |  2.1
Dodging        | 2 |  2.0
Fighting       | |  0.7
Stealth        | |  1.9

Action                   || total
-------------------------++-------
 Cast: Magic Dart        ||    38
       Searing Ray       ||     4

Table legend: (Time is in decaauts)
 A = Elapsed time spent in this place.
 B = Non-inter-level travel time spent in this place.
 C = Inter-level travel time spent in this place.
 D = Time resting spent in this place.
 E = Time spent auto-exploring this place.
 F = Levels seen in this place.
 G = Mean time per level.
                   A        B        C        D        E       F      G
               +--------+--------+--------+--------+--------+-----+--------+
         Total |   1300 |   1261 |     39 |    163 |    948 |   2 |  650.0 |
       Dungeon |   1300 |   1261 |     39 |    163 |    948 |   2 |  650.0 |
               +--------+--------+--------+--------+--------+-----+--------+

Top non-repeatable levels by time:
     D:1: 809 daAuts
     D:2: 491 daAuts
